 Dungeon Sprint DCSS version 0.31-a0-1606-g60c5cc7444 (webtiles) character file.

Game seed: 5123581963329219166

457 James the Covert (level 6, -11/35 HPs)
             Began as a Spriggan Brigand on Jan 8, 2024.
             Was a Believer of Uskayaw.
             Mangled by a sixfirhy (12 damage)
             ... summoned by a kobold demonologist
             ... in the Dungeon (Sprint I: "Red Sonja").
             The game lasted 00:04:21 (297 turns).

James the Covert (Spriggan Brigand)                  Turns: 297, Time: 00:04:22

Health: -11/35     AC:  4    Str:  7    XL:     6   Next: 77%
Magic:  7/7        EV: 23    Int: 13    God:    Uskayaw [**....]
Gold:   188        SH:  0    Dex: 18    Spells: 5/5 levels left

rFire   . . .        a - +2 dagger
rCold   . . .        (no shield)
rNeg    . . .        b - +0 robe
rPois   .            (helmet restricted)
rElec   .            c - +1 cloak
rCorr   .            (gloves unavailable)
SInv    +            (boots unavailable)
Will    +....        (no amulet)
Stlth   +++++        (no ring)
HPRegen 0.25/turn    (no ring)
MPRegen 0.10/turn

%: no teleportation
@: very quick
A: very small, no large weapons, unfitting armour, see invisible, speed 3
a: Renounce Religion, Stomp, Line Pass


You were in the Dungeon.
You worshipped Uskayaw.
Uskayaw was noncommittal.
You visited 1 branch You collected 405 gold pieces.
You spent 217 gold pieces at shops.

Inventory:

Hand Weapons
 a - a +2 dagger (weapon)
Missiles
 d - 9 poisoned darts
 e - 2 curare-tipped darts (quivered) {!f}
Armour
 b - a +0 robe (worn)
 c - a +1 cloak (worn)
 m - a +0 robe
   (You took it off Sigmund in the Dungeon)
Wands
 l - a wand of mindburst (5)
   (You took it off Ijyb in the Dungeon)
Scrolls
 k - a scroll of blinking
 o - 2 scrolls of identify {@r1}
 q - a scroll of fog
Potions
 f - a potion of curing {@q1}
 g - a potion of heal wounds {@q2}
 h - 2 potions of haste {@q3}
 i - 2 potions of magic
 j - a potion of berserk rage
 n - a potion of ambrosia


   Skills:
 - Level 5.6 Fighting
 - Level 10.3 Short Blades
 - Level 2.0 Throwing
 - Level 8.6 Dodging
 - Level 11.6 Stealth
 + Level 0.0 Evocations


You had 5 spell levels left.
You didn't know any spells.
Your spell library was empty.

Dungeon Overview and Level Annotations

Branches:
Dungeon (1/1)

Altars:
Cheibriados
Dithmenos
Elyvilon
Fedhas
Gozag
Hepliaklqana
Kikubaaqudgha
Makhleb
Nemelex Xobeh
Okawaru
Qazlal
Ru
Sif Muna
Trog
Uskayaw
Vehumet
Wu Jian
Xom
Yredelemnul
Zin
The Shining One
Jiyva
Lugonu

Shops:
D ?


Innate Abilities, Weirdness & Mutations

You are very small and have problems with some larger weapons.
You are too small for most types of armour.
You have supernaturally acute eyesight. (SInv)
You cover ground extremely quickly. (Speed+++)


Message History

The kobold demonologist shouts!
A glass eye comes into view.
You close the door.
Something unseen opens the door.
The glass eye gazes at you.
Your body becomes as fragile as glass!
A kobold demonologist comes into view. It is wielding a +0 dagger.
You hit the kobold demonologist.
Okay, then.
Press: ? - help, Shift-Dir - straight line, f - kobold demonologist
Aim: a kobold demonologist, wielding a +0 dagger and wearing a +0 robe (lightly wounded, chance to affect: 47%)
The kobold demonologist resists with some effort.
The kobold demonologist gestures wildly while chanting.
The kobold demonologist mumbles some strange words.
Press: ? - help, Shift-Dir - straight line, f/p - kobold demonologist
Aim: a kobold demonologist, wielding a +0 dagger and wearing a +0 robe (lightly wounded, chance to affect: 47%)
The kobold demonologist's mind is blasted!
You hit the kobold demonologist.
The kobold demonologist hits you with a +0 dagger.
The kobold demonologist misses you.
You can now pass through a line of other dancers.
Press: ? - help, Shift-Dir - straight line, f/p - kobold demonologist
Aim: a kobold demonologist, wielding a +0 dagger and wearing a +0 robe (heavily wounded, chance to affect: 47%)
The kobold demonologist resists with some effort.
You feel less fragile.
The kobold demonologist looks encouraged for a moment.
The kobold demonologist hits you with a +0 dagger.
Press: ? - help, Shift-Dir - straight line, f/p - kobold demonologist
Aim: a kobold demonologist, wielding a +0 dagger and wearing a +0 robe (heavily wounded, chance to affect: 47%)
The kobold demonologist resists with some effort.
The kobold demonologist misses you.
The kobold demonologist completely misses you.
You hit the kobold demonologist but do no damage.
You hit the kobold demonologist.
The kobold demonologist hits you with a +0 dagger.
The kobold demonologist hits you but does no damage.
You hit the kobold demonologist but do no damage.
You hit the kobold demonologist but do no damage.
The sixfirhy misses you.
The kobold demonologist hits you but does no damage.
You miss the kobold demonologist. The sixfirhy completely misses you.
The sixfirhy closely misses you.
You hit the kobold demonologist but do no damage.
The sixfirhy misses you. The sixfirhy hits you. The sixfirhy shocks you!
* * * LOW HITPOINT WARNING * * *
The kobold demonologist mumbles some strange words. x2
You hit the kobold demonologist. The sixfirhy hits you!
* * * LOW HITPOINT WARNING * * *
The sixfirhy shocks you!
You die...

######################
.J'..#.)'..#__#.K3K5.#
).#.)+..#..'..'4@#
####'#####'#__####
###..#...#.####
__####..##.#
_____##'#_.+
_.∩..†'..._#
_..__##_.#'#
_____###+#.# ######
###


You could see an ice devil (summoned), 2 kobold demonologists, a sixfirhy
(summoned) and a white imp (summoned).

Vanquished Creatures
  Sigmund (D)
  A yak (D)
  An ogre (D)
  A jelly (D)
  Ijyb (D)
5 creatures vanquished.

Notes
Turn   | Place    | Note
-------+----------+-------------------------------------------
     0 | D        | James the Spriggan Brigand began the quest for the Orb.
     0 | D        | Reached XP level 1. HP: 10/10 MP: 2/2
     1 | D        | Noticed Ijyb
     9 | D        | Killed Ijyb
    10 | D        | Reached skill level 7 in Stealth
    10 | D        | Reached XP level 2. HP: 16/16 MP: 3/3
    13 | D        | Noticed an ogre
    16 | D        | Killed an ogre
    17 | D        | Reached skill level 5 in Dodging
    17 | D        | Reached skill level 8 in Stealth
    17 | D        | Reached XP level 3. HP: 21/21 MP: 4/4
    17 | D        | Reached XP level 4. HP: 25/25 MP: 5/5
    26 | D        | Noticed Sigmund
    47 | D        | Killed Sigmund
    48 | D        | Reached skill level 10 in Stealth
    48 | D        | Reached XP level 5. HP: 30/30 MP: 6/6
    48 | D        | Reached XP level 6. HP: 35/35 MP: 7/7
    61 | D        | Found an ornate altar of the Wu Jian Council.
    61 | D        | Found a shimmering blue altar of Sif Muna.
    63 | D        | Found a radiant altar of Vehumet.
    68 | D        | Reached skill level 5 in Fighting
   101 | D        | Found Loco's Magic Scroll Emporium.
   101 | D        | Found an ancient bone altar of Kikubaaqudgha.
   101 | D        | Found a hazy altar of Hepliaklqana.
   101 | D        | Found a stormy altar of Qazlal.
   101 | D        | Found a hide-covered altar of Uskayaw.
   101 | D        | Found a blossoming altar of Fedhas.
   101 | D        | Found a bloodstained altar of Trog.
   101 | D        | Found an iron altar of Okawaru.
   101 | D        | Found a basalt altar of Yredelemnul.
   101 | D        | Found a glowing golden altar of the Shining One.
   101 | D        | Found a snail-covered altar of Cheibriados.
   101 | D        | Found a sacrificial altar of Ru.
   101 | D        | Found a glowing silver altar of Zin.
   101 | D        | Found a shadowy altar of Dithmenos.
   101 | D        | Found a white marble altar of Elyvilon.
   101 | D        | Noticed a yak
   102 | D        | Found an opulent altar of Gozag.
   103 | D        | Killed a yak
   104 | D        | Reached skill level 10 in Short Blades
   104 | D        | Reached skill level 11 in Stealth
   104 | D        | Found a sparkling altar of Nemelex Xobeh.
   107 | D        | Became a worshipper of Uskayaw the Reveller
   116 | D        | Bought a scroll of enchant armour for 105 gold pieces
   116 | D        | Bought a scroll of fog for 56 gold pieces
   117 | D        | Bought a scroll of identify for 28 gold pieces
   118 | D        | Bought a scroll of identify for 28 gold pieces
   130 | D        | Found a burning altar of Makhleb.
   130 | D        | Found a viscous altar of Jiyva.
   130 | D        | Found a shimmering altar of Xom.
   130 | D        | Found a corrupted altar of Lugonu.
   130 | D        | Noticed a slime creature
   138 | D        | Reached * piety under Uskayaw
   280 | D        | Noticed a kobold demonologist
   280 | D        | Noticed a glass eye
   284 | D        | Noticed a kobold demonologist
   287 | D        | Noticed a sixfirhy
   288 | D        | Reached ** piety under Uskayaw
   297 | D        | Noticed an ice devil
   297 | D        | HP: 1/35 [sixfirhy[a kobold demonologist] (8)]
   297 | D        | Mangled by a sixfirhy

Illustrated notes

Levels and vault maps discovered:
D:        dungeon_sprint_1 [red_sonja_temple_1, red_sonja_temple_small_1]

Skill      XL: |  1  2  3  4  5  6 |
---------------+-------------------+-----
Fighting       | 2 3 4 5 |  5.6
Short Blades   | 4 6 9 10 | 10.3
Dodging        | 3 5 7 8 |  8.6
Stealth        | 7 8 10 11 | 11.6
Throwing       | |  2.0

Action                     |  1- 3 |  4- 6 || total
---------------------------+-------+-------++-------
  Melee: Dagger            |     7 |    38 ||    45
         Punch             |       |     1 ||     1
  Throw: Dart              |     1 |     2 ||     3
  Evoke: Wand              |       |     4 ||     4
    Use: Scroll            |       |     2 ||     2
   Stab: Sleeping          |     1 |     2 ||     3
 Armour: Robe              |       |    11 ||    11
  Dodge: Dodged            |     3 |    18 ||    21

Table legend: (Time is in decaauts)
 A = Elapsed time spent in this place.
 B = Non-inter-level travel time spent in this place.
 C = Inter-level travel time spent in this place.
 D = Time resting spent in this place.
 E = Time spent auto-exploring this place.
 F = Levels seen in this place.
 G = Mean time per level.
                   A        B        C        D        E       F      G
               +--------+--------+--------+--------+--------+-----+--------+
         Total |    234 |    234 |      0 |     84 |      0 |   1 |  234.0 |
       Dungeon |    234 |    234 |      0 |     84 |      0 |   1 |  234.0 |
               +--------+--------+--------+--------+--------+-----+--------+

Top non-repeatable levels by time:
       D: 234 daAuts
